 Dungeon Crawl Stone Soup version 0.30-a0-587-gfd7c166f36 (webtiles) character file.

Game seed: 17456486637345136347

2085 Gargoyl the Cutter (level 9, -1/55 HPs)
             Began as a Gargoyle Berserker on Jan 4, 2023.
             Was a Priest of Trog.
             Killed from afar by anet's ghost (10 damage)
             ... with a magic dart
             ... on level 6 of the Dungeon.
             The game lasted 00:08:05 (4869 turns).

Gargoyl the Cutter (Gargoyle Berserker)             Turns: 4869, Time: 00:08:06

Health: -1/55      AC:  9    Str: 23    XL:     9   Next: 27%
Magic:  9/9        EV: 20    Int:  8    God:    Trog [***...]
Gold:   493        SH:  0    Dex: 11    Spells: 8/8 levels left

rFire   + + .      SeeInvis .    (weapon currently unavailable)
rCold   + + .      Faith    .    (shield currently unavailable)
rNeg    + + +      Spirit   .    (body armour currently unavailable)
rPois   ∞          Reflect  .    (helmet currently unavailable)
rElec   +          Harm     .    (cloak currently unavailable)
rCorr   +          Rampage  .    (gloves currently unavailable)
Will    ++...                    (boots currently unavailable)
Stlth   ++                       (amulet currently unavailable)
HPRegen 1.29/turn                (ring currently unavailable)
MPRegen 0.11/turn                (ring currently unavailable)

@: wisp-form (expiring), strong-willed, on berserk cooldown, flying,
regenerating, slowed, invisible, very slow
A: insubstantial, flying, no casting, sickness immunity, AC +6, tiny, negative
energy resistance 1, (electricity resistance), torment resistance 1,
petrification resistance
a: Renounce Religion, Berserk, Trog's Hand


You were on level 6 of the Dungeon.
You worshipped Trog.
Trog was most pleased with you.
You were an insubstantial wisp.
You visited 1 branch of the dungeon, and saw 6 of its levels.

You collected 493 gold pieces.

Inventory:

Hand Weapons
 a - a +0 hand axe
 c - a +0 spear
 m - a +3 dagger of venom (melded)
Missiles
 q - 2 poisoned darts (quivered)
Armour
 b - a +1 pair of boots (melded)
 p - a +4 scale mail of fire resistance (melded)
 x - a +2 helmet (melded)
Jewellery
 d - a ring of willpower (melded)
 l - an amulet of reflection
 o - an amulet of regeneration (melded)
 u - a +6 ring of intelligence
Wands
 t - a wand of polymorph (3)
Scrolls
 s - a scroll of poison
 w - a scroll of fog
 z - a scroll of identify
Potions
 e - a potion of cancellation
 f - 2 potions of lignification
 g - 2 potions of invisibility
 h - a potion of berserk rage {unknown}
 j - 5 potions of might {unknown}
 k - a potion of heal wounds {unknown}
 n - 2 potions of flight {unknown}
 r - a potion of mutation {unknown}
 v - a potion of haste {unknown}


   Skills:
 + Level 6.1 Fighting
 + Level 6.2 Short Blades
 + Level 3.4 Axes
 + Level 6.0 Armour
 + Level 4.4 Dodging
 + Level 2.1 Stealth
 + Level 2.6 Shields


You had 8 spell levels left.
You didn't know any spells.
Your spell library was empty.

Dungeon Overview and Level Annotations

Branches:
Dungeon (6/15)
 Temple: D:4-7

Altars:
Ru

Shops:
D:1 ?   D:2 [   D:6 [

Annotations:
D:6 anet's ghost, novice GrCj


Innate Abilities, Weirdness & Mutations

You are an insubstantial wisp.
Your tiny insubstantial body is highly resistant to most damage types.
You are flying.
Your equipment is entirely melded.
You are incapable of wielding weapons or throwing items.
You cannot cast spells.
You are immune to sickness and miasma.
((Your stone body is resilient. (AC +6)))
You are immune to poison.
You resist negative energy. (rN+)
((You are resistant to electric shocks. (rElec)))
You are resistant to unholy torment.
You are immune to petrification.


Message History

You barely miss anet's ghost.
Anet's ghost is severely damaged.
Anet's ghost barely misses you.
You touch anet's ghost but do no damage.
Anet's ghost is severely damaged.
Anet's ghost completely misses you.
You touch anet's ghost.
Anet's ghost is almost destroyed.
Anet's ghost points at you and mumbles some strange words.
The magic dart hits you but does no damage.
Anet's ghost closely misses you.
You barely miss anet's ghost.
Anet's ghost is almost destroyed.
Anet's ghost hits you!
* * * LOW HITPOINT WARNING * * *
You touch anet's ghost but do no damage.
Anet's ghost is almost destroyed.
Anet's ghost completely misses you.
You touch anet's ghost but do no damage.
Anet's ghost is almost destroyed.
Your transformation is almost over.
Anet's ghost points at you and mumbles some strange words.
The magic dart hits you!
* * * LOW HITPOINT WARNING * * *
Your skin crawls.
You feel strong-willed.
Anet's ghost points at you and mumbles some strange words.
The magic dart hits you.
* * * LOW HITPOINT WARNING * * *
Anet's ghost points at you and mumbles some strange words.
The magic dart hits you.
* * * LOW HITPOINT WARNING * * *
It was a potion of lignification.
You feel woody for a moment. Anet's ghost casts a spell at you.
The magic dart hits you but does no damage.
It was a potion of invisibility.
You fade into invisibility!
Anet's ghost points at you and mumbles some strange words.
The magic dart hits you!
You die...

##..#...##⌠##.....##.#####
#.#....##...##....##......
##....##..!..##...###.....
##...#⌠.?♣!.⌠#..## ######
#...##.....##..# #####
#....##...##...# #....
#.#...##.##....#####....
#.##...#W#............#'
#.###..v..............#∩
#.# #.................#'
##.# #.............#.....
#..# #...............##..
#.## #...............####
#.# #...............# #
#.# ############.#### #
#.###### #.# # ####......#
#.# #


You could see anet's ghost (unable to see you).

Vanquished Creatures
  Sigmund (D:4)
  Eustachio (D:4)
  Duvessa (D:6)
  A water moccasin (D:6)
  A black bear (D:6)
  A sky beast (D:6)
  2 ogres
  A centaur (D:5)
  A phantom (D:5)
  A kobold brigand (D:6)
  3 scorpions
  A necrophage (D:4)
  Dowan (D:6)
  A gnoll bouda (D:6)
  6 hounds
  6 jellies
  An iguana (D:6)
  Ijyb (D:5)
  An orc wizard (D:5)
  Terence (D:3)
  3 adders
  5 gnolls (D:6)
  2 shadow imps
  4 white imps
  2 ufetubi
  3 worms
  A dart slug (D:2)
  5 orcs
  7 endoplasms
  5 goblins
  3 hobgoblins
  10 jackals
  11 kobolds
  4 quokkas
  9 ball pythons
  4 bats
  A frilled lizard (D:3)
  5 rats
117 creatures vanquished.

Vanquished Creatures (collateral kills)
  A hound (D:4)
1 creature vanquished.

Grand Total: 118 creatures vanquished

Notes
Turn   | Place    | Note
-------+----------+-------------------------------------------
     0 | D:1      | Gargoyl the Gargoyle Berserker began the quest for the Orb.
     0 | D:1      | Reached XP level 1. HP: 14/14 MP: 1/1
   163 | D:1      | Reached XP level 2. HP: 13/19 MP: 2/2
   432 | D:1      | Found Kuasay's Magic Scroll Boutique.
   531 | D:1      | Reached XP level 3. HP: 24/24 MP: 3/3
   911 | D:2      | Found a faded altar of an unknown god.
   967 | D:2      | Reached ** piety under Trog
  1000 | D:2      | Reached XP level 4. HP: 25/29 MP: 4/4
  1086 | D:2      | Found Sozast's Antique Armour Boutique.
  1615 | D:3      | Noticed Terence
  1621 | D:3      | Killed Terence
  1993 | D:4      | Reached skill level 1 in Short Blades
  1993 | D:4      | Reached XP level 5. HP: 7/34 MP: 5/5
  2158 | D:4      | Noticed Sigmund
  2166 | D:4      | Noticed Eustachio
  2175 | D:4      | Killed Sigmund
  2176 | D:4      | Reached XP level 6. HP: 39/39 MP: 6/6
  2186 | D:4      | Killed Eustachio
  2187 | D:4      | Reached skill level 1 in Stealth
  2229 | D:4      | Reached XP level 7. HP: 44/44 MP: 7/7
  2289 | D:4      | Reached skill level 1 in Shields
  2858 | D:5      | Entered Level 5 of the Dungeon
  2988 | D:5      | Noticed Ijyb
  3001 | D:5      | Killed Ijyb
  3243 | D:5      | Found a sacrificial altar of Ru.
  3253 | D:5      | Reached skill level 5 in Fighting
  3253 | D:5      | Reached XP level 8. HP: 42/49 MP: 8/8
  3771 | D:5      | Reached skill level 5 in Armour
  4022 | D:6      | Reached *** piety under Trog
  4150 | D:6      | Reached skill level 5 in Short Blades
  4396 | D:6      | Found a runed translucent door.
  4412 | D:6      | Noticed anet's ghost (novice GrCj)
  4430 | D:6      | Reached XP level 9. HP: 55/55 MP: 9/9
  4467 | D:6      | Found Wuywot's Antique Armour Boutique.
  4554 | D:6      | Noticed Duvessa
  4554 | D:6      | Noticed Dowan
  4567 | D:6      | Killed Duvessa
  4569 | D:6      | Killed Dowan
  4869 | D:6      | Killed from afar by anet's ghost

Illustrated notes

Levels and vault maps discovered:
D:1:      dpeg_arrival_rooms_c, layout_loops_ring, serial_shops,
          nicolae_square_shop
D:2:      layout_rooms, ebering_ecumenical_altar_abandoned, serial_shops,
          nicolae_shop_behind_doors
D:3:      layout_loops_ring, uniq_terence
D:4:      layout_loops_cross, portal_sewer_entry_a, uniq_sigmund, uniq_eustachio
D:5:      layout_basic, amcnicky_altar_gilded, uniq_ijyb
D:6:      dreamdust_elfheim, layout_loops_cross, serial_shops,
          kennysheep_mini_moat, hellmonk_ghost_happy_afterlife

Skill      XL: |  1  2  3  4  5  6  7  8  9 |
---------------+----------------------------+-----
Axes           | 3 |  3.4
Dodging        | 2 3 4 |  4.4
Fighting       | 4 5 6 |  6.1
Short Blades   | 1 2 3 5 6 |  6.2
Armour         | 3 4 5 6 |  6.0
Stealth        | 1 2 |  2.1
Shields        | 2 |  2.6

Action                   |  1- 3 |  4- 6 |  7- 9 || total
-------------------------+-------+-------+-------++-------
Melee: Hand axe          |    42 |       |       ||    42
       Short sword       |    54 |       |       ||    54
       Dagger            |    30 |    90 |   368 ||   488
       Punch             |     2 |       |     2 ||     4
       Unarmed           |       |       |    13 ||    13
Invok: Trog's Hand       |       |     1 |     3 ||     4
       Berserk           |       |     1 |     2 ||     3
Evoke: Wand              |       |       |     2 ||     2
  Use: Scroll            |     2 |     1 |    12 ||    15
       Potion            |       |       |     2 ||     2
Armor: Animal skin       |    10 |       |       ||    10
       Ring mail         |    61 |    23 |       ||    84
       Scale mail        |       |    34 |   186 ||   220
       Skin              |       |       |    11 ||    11
Dodge: Dodged            |   122 |    58 |   155 ||   335
Block: Other             |       |    14 |    17 ||    31

Table legend: (Time is in decaauts)
 A = Elapsed time spent in this place.
 B = Non-inter-level travel time spent in this place.
 C = Inter-level travel time spent in this place.
 D = Time resting spent in this place.
 E = Time spent auto-exploring this place.
 F = Levels seen in this place.
 G = Mean time per level.
                   A        B        C        D        E       F      G
               +--------+--------+--------+--------+--------+-----+--------+
         Total |   4802 |   4633 |    169 |     24 |   3233 |   6 |  800.3 |
       Dungeon |   4802 |   4633 |    169 |     24 |   3233 |   6 |  800.3 |
               +--------+--------+--------+--------+--------+-----+--------+

Top non-repeatable levels by time:
     D:5: 1099 daAuts
     D:4: 876 daAuts
     D:6: 841 daAuts
     D:1: 729 daAuts
     D:3: 706 daAuts
     D:2: 549 daAuts
